 Dungeon Crawl Stone Soup version 0.31-a0-1059-g83d41fd8b6 (webtiles) character file.

Game seed: 11017429861184467890

9403 inmateoo the Cleaver (level 11, -1/97 HPs)
             Began as a Minotaur Fighter on Nov 22, 2023.
             Was an Initiate of Gozag.
             Slain by a komodo dragon (14 damage)
             ... on level 12 of the Dungeon.
             The game lasted 00:08:22 (9037 turns).

inmateoo the Cleaver (Minotaur Fighter)             Turns: 9037, Time: 00:08:24

Health: -1/97      AC: 15    Str: 24    XL:     11   Next: 22%
Magic:  10/10      EV: 11    Int:  5    God:    Gozag
Gold:   350        SH:  6    Dex: 13    Spells: 10/10 levels left

rFire   + . .        x - +2 hand axe (elec)
rCold   . . .        c - +0 buckler
rNeg    + . .        E - +0 chain mail
rPois   .            (helmet restricted)
rElec   .            I - +1 cloak
rCorr   .            h - +0 pair of gloves
SInv    .            (no boots)
Will    +....        f - amulet of the Empire {rN+ Regen+ Dex+2} Stlth
                     u - ring of willpower
HPRegen 1.16/turn    w - ring of protection from fire
MPRegen 0.12/turn

%: no passive effects
@: gold aura, studying Shields
A: horns 2, retaliatory headbutt
a: Renounce Religion, Potion Petition, Call Merchant, Bribe Branch


You were on level 12 of the Dungeon.
You worshipped Gozag.
Gozag was aware of your devotion.
You visited 2 branches of the dungeon, and saw 13 of its levels.

You collected 998 gold pieces.
You spent 436 gold pieces at shops.
You paid 212 gold pieces to Gozag.

Inventory:

Hand Weapons
 n - a +2 hand axe of flaming
 x - a +2 hand axe of electrocution (weapon)
Armour
 c - a +0 buckler (worn)
 h - a +0 pair of gloves (worn)
 E - a +0 chain mail (worn)
 I - a +1 cloak (worn)
Jewellery
 f - the amulet of the Empire (around neck) {rN+ Regen+ Dex+2}
   (You acquired it on level 1 of the Dungeon)

   [amulet of regeneration]

   Dex+2:     It affects your dexterity (+2).
   rN+:       It protects you from negative energy.
   Regen+:    It increases your rate of health regeneration.
 u - a ring of willpower (left hand)
 w - a ring of protection from fire (right hand)
 B - a +6 ring of intelligence
 H - a +4 ring of slaying
Wands
 b - a wand of digging (2)
 k - a wand of paralysis (13)
 t - a wand of polymorph (10)
 A - a wand of quicksilver (5)
 D - a wand of flame (19)
Scrolls
 g - 5 scrolls of teleportation
 l - 3 scrolls of immolation
 m - 3 scrolls of noise
 r - 2 scrolls of blinking
 s - a scroll of fog
 y - 3 scrolls of enchant weapon
 F - a scroll of silence
Potions
 a - 3 potions of attraction
 d - 2 potions of might
 e - a potion of enlightenment
 i - 6 potions of curing
 j - 2 potions of lignification
 o - a potion of magic
 p - 5 potions of brilliance
 q - 3 potions of haste
 v - 2 potions of resistance
 z - 3 potions of mutation
 C - a potion of heal wounds
 G - 3 potions of berserk rage


   Skills:
 + Level 9.5 Fighting
 * Level 12.5 Axes
 + Level 9.5 Armour
 + Level 7.6 Dodging
 + Level 9.6 Shields


You had 10 spell levels left.
You didn't know any spells.
Your spell library contained the following spells:

 Spells                   Type           Power      Damage    Failure   Level
 Apportation              Tloc           0%         N/A       95%         1
 Magic Dart               Conj           0%         1d3       95%         1
 Cigotuvi's Dreadful Rot  Necr/Pois/Air  0%         N/A       99%         2
 Jinxbite                 Hex            0%         N/A       99%         2
 Searing Ray              Conj           0%         2d4       99%         2
 Hailstorm                Conj/Ice       0%         3d3       100%        3
 Ignite Poison            Fire/Tmut/Pois 0%         N/A       100%        3
 Anguish                  Hex/Necr       0%         N/A       100%        4
 Cause Fear               Hex            0%         N/A       100%        4
 Fulminant Prism          Conj/Hex       0%         3d5       100%        4
 Summon Ice Beast         Ice/Summ       0%         N/A       100%        4
 Alistair's Intoxication  Tmut/Pois      0%         N/A       100%        5
 Freezing Cloud           Conj/Ice/Air   0%         6-21      100%        5
 Enfeeble                 Hex            0%         N/A       100%        7
 Simulacrum               Ice/Necr       Unusable   N/A       N/A         6

Dungeon Overview and Level Annotations

Branches:
Dungeon (12/15)            Temple (1/1) D:5            Lair (0/5) D:8
    Orc (0/2) D:11

Altars:
Ashenzari
Cheibriados
Dithmenos
Elyvilon
Fedhas
Gozag
Hepliaklqana
Kikubaaqudgha
Makhleb
Nemelex Xobeh
Okawaru
Qazlal
Ru
Sif Muna
Trog
Uskayaw
Vehumet
Wu Jian
Xom
Yredelemnul
Zin
The Shining One

Shops:
D:1 *   D:3 [   D:6 *(   D:8 [   D:9 (

Annotations:
D:11 2 runed translucent doors, MrCrawl's ghost, journeyman DrFE


Innate Abilities, Weirdness & Mutations

You have a pair of horns on your head.
You reflexively headbutt those who attack you in melee.


Message History

You slash the boulder beetle!
The boulder beetle is almost dead.
The boulder beetle bites you!
You are too injured to fight recklessly!
You hit the boulder beetle.
You kill the boulder beetle!
You are too injured to fight recklessly!
You are too injured to fight recklessly!
Found a stone staircase leading down.
You are too injured to fight recklessly!
The komodo dragon barely misses you.
You hit the komodo dragon.
Lightning courses through the komodo dragon!
The komodo dragon is moderately wounded.
The komodo dragon bites you!
You hit the komodo dragon but do no damage.
Your headbutt misses the komodo dragon.
The komodo dragon is moderately wounded.
You are too injured to fight recklessly!
You hit the komodo dragon but do no damage.
Lightning courses through the komodo dragon!
You headbutt the komodo dragon, but do no damage.
The komodo dragon is heavily wounded.
The komodo dragon bites you but does no damage.
You are too injured to fight recklessly!
You barely miss the komodo dragon. Your headbutt misses the komodo dragon.
The komodo dragon is heavily wounded.
The komodo dragon bites you.
You are too injured to fight recklessly!
You hit the komodo dragon but do no damage.
The komodo dragon is heavily wounded.
You slash the komodo dragon! Your headbutt misses the komodo dragon.
The komodo dragon is severely wounded.
The komodo dragon bites you!!
* * * LOW HITPOINT WARNING * * *
You completely miss the komodo dragon.
The komodo dragon is severely wounded.
The komodo dragon bites you!
You die...
Your body crumbles into a pile of gold.

.......#....#
#.............#....#
#>............#....#
#.............#..<.#
#.............+....#
#.............#....#
#.............#....#
#..l...............#
#...@..............#
#.....$............#
#..................#
#.............##'###
#.............#....#
#.............#....#
#.............#....#
#.............##'###
##########....#....#


You could see a komodo dragon.

Vanquished Creatures
  A two-headed ogre (D:10)
  A boulder beetle (D:12)
  A cyclops (D:11)
  Jeremiah (D:8)
  A troll (D:10)
  Prince Ribbit (D:7)
  Grinder (D:4)
  A wraith (D:9)
  2 shadows
  A vampire (D:10)
  15 yaks
  A steam dragon (D:8)
  2 wyverns
  Menkaure (D:5)
  An acid dragon (D:8)
  4 water moccasins
  4 orc warriors
  An ogre (D:5)
  4 centaurs
  A phantom (D:5)
  A bullfrog (D:7)
  4 scorpions
  5 wights (D:10)
  10 killer bees
  8 howler monkeys
  2 gnoll boudas (D:7)
  10 orc priests
  2 sleepcaps
  Jessica (D:2)
  An iguana (D:5)
  13 orc wizards
  8 gnolls (D:7)
  5 adders
  A white imp (D:7)
  A worm (D:4)
  3 dart slugs
  51 orcs
  A ball python (D:2)
  6 bats
  11 endoplasms
  4 giant cockroaches
  7 goblins
  8 hobgoblins
  2 jackals (D:2)
  5 kobolds
  2 quokkas
  2 frilled lizards (D:1)
  4 rats
223 creatures vanquished.

Notes
Turn   | Place    | Note
-------+----------+-------------------------------------------
     0 | D:1      | inmateoo the Minotaur Fighter began the quest for the Orb.
     0 | D:1      | Reached XP level 1. HP: 19/19 MP: 0/0
   106 | D:1      | Reached XP level 2. HP: 23/27 MP: 1/1
   201 | D:1      | Found Madoon's Assorted Antiques.
   213 | D:1      | Reached skill level 3 in Axes
   234 | D:1      | Bought a scroll labelled FYUM OKEROM for 18 gold pieces
   468 | D:1      | Identified a scroll of acquirement
   468 | D:1      | Acquired the amulet of the Empire {rN+ Regen+ Dex+2}
   602 | D:2      | Noticed Jessica
   605 | D:2      | Reached XP level 3. HP: 32/33 MP: 2/2
   608 | D:2      | Killed Jessica
   609 | D:2      | Reached skill level 1 in Dodging
   709 | D:2      | Reached XP level 4. HP: 33/40 MP: 3/3
   718 | D:2      | Reached skill level 4 in Axes
  1295 | D:2      | Reached XP level 5. HP: 32/47 MP: 4/4
  1379 | D:3      | Found Vyudog's Armour Shoppe.
  1967 | D:4      | Reached XP level 6. HP: 53/53 MP: 5/5
  2178 | D:4      | Found an ancient bone altar of Kikubaaqudgha.
  2191 | D:4      | Noticed Grinder
  2203 | D:4      | Killed Grinder
  2204 | D:4      | Reached skill level 5 in Fighting
  2204 | D:4      | Reached skill level 5 in Axes
  2204 | D:4      | Reached skill level 5 in Armour
  2790 | D:5      | Entered Level 5 of the Dungeon
  2818 | D:5      | Found a staircase to the Ecumenical Temple.
  2831 | Temple   | Entered the Ecumenical Temple
  2911 | D:5      | Noticed Menkaure
  2923 | D:5      | Killed Menkaure
  2924 | D:5      | Reached skill level 5 in Shields
  2924 | D:5      | Reached XP level 7. HP: 15/61 MP: 6/6
  3049 | D:5      | Reached skill level 6 in Axes
  3258 | D:5      | Noticed a yak
  3258 | D:5      | Noticed a yak
  3259 | D:5      | Noticed a yak
  3259 | D:5      | Noticed a yak
  3259 | D:5      | Noticed a yak
  3260 | D:5      | Noticed a yak
  3268 | D:5      | Killed a yak
  3269 | D:5      | Reached XP level 8. HP: 66/70 MP: 7/7
  3277 | D:5      | Reached skill level 7 in Axes
  3297 | D:5      | Reached skill level 8 in Axes
  3691 | D:6      | Reached XP level 9. HP: 78/78 MP: 8/8
  3753 | D:6      | Reached skill level 5 in Dodging
  3885 | D:6      | Found Poilis's Weapon Boutique.
  3975 | D:6      | Found a broken altar of Ashenzari.
  4213 | D:6      | Found a sparkling altar of Nemelex Xobeh.
  4259 | D:6      | Found Osofinwa's Assorted Antiques.
  4268 | D:6      | Bought 2 lumpy emerald potions for 50 gold pieces
  4268 | D:6      | Bought a scroll labelled OGHEIL FOZEON for 28 gold pieces
  4357 | D:7      | Noticed Prince Ribbit
  4376 | D:7      | Killed Prince Ribbit
  4377 | D:7      | Reached skill level 9 in Axes
  5214 | D:8      | Noticed Jeremiah
  5299 | D:8      | Killed Jeremiah
  5376 | D:8      | Reached skill level 10 in Axes
  5571 | D:8      | Found a staircase to the Lair.
  5787 | D:8      | Found Becal's Antique Armour Shoppe.
  5795 | D:8      | Bought a pair of gloves for 121 gold pieces
  5955 | D:9      | Reached XP level 10. HP: 46/88 MP: 9/9
  6191 | D:9      | Found Keheloux's Weapon Boutique.
  6214 | D:9      | Reached skill level 11 in Axes
  6277 | D:9      | Found a glowing golden altar of the Shining One.
  6693 | D:10     | Entered Level 10 of the Dungeon
  6804 | D:10     | Found a large runed translucent door.
  6807 | D:10     | Found a large runed translucent door.
  6910 | D:10     | Found an opulent altar of Gozag.
  6962 | D:10     | Became a worshipper of Gozag Ym Sagoz the Greedy
  7432 | D:10     | Noticed a two-headed ogre
  7436 | D:10     | Killed a two-headed ogre
  7440 | D:10     | Reached skill level 12 in Axes
  7447 | D:10     | Found a glowing silver altar of Zin.
  7453 | D:10     | Found a snail-covered altar of Cheibriados.
  7733 | D:1      | Bought an embroidered cloak for 135 gold pieces
  7848 | D:6      | Bought a potion of curing for 84 gold pieces
  7858 | D:6      | Acquired a manual of Shields
  8059 | D:11     | Reached XP level 11. HP: 89/97 MP: 10/10
  8270 | D:11     | Found a large runed translucent door.
  8270 | D:11     | Found a large runed translucent door.
  8274 | D:11     | Noticed MrCrawl's ghost (journeyman DrFE)
  8349 | D:11     | Found a staircase to the Orcish Mines.
  8971 | D:12     | Noticed a boulder beetle
  9028 | D:12     | Killed a boulder beetle
  9037 | D:12     | Slain by a komodo dragon

Illustrated notes

Levels and vault maps discovered:
D:1:      scummos_arrival_simple_fountains, layout_rooms, serial_shops,
          nicolae_shop_overgrown_old_shop, minmay_distorted
D:2:      layout_loops_corners, uniq_jessica
D:3:      layout_rooms, serial_shops, shop
D:4:      layout_loops_corners, nicolae_kikubaaqudgha_miasma_corner,
          minmay_gold_behind_fungi, uniq_grinder
D:5:      layout_basic, minmay_temple_entry_gardened_gates, uniq_menkaure
D:6:      layout_gridville, kennysheep_little_box, ashenzari_altar_1,
          serial_shops, nicolae_shop_overgrown_old_shop,
          nicolae_shop_advertising_works [nicolae_subvault_shop_adworks]
D:7:      layout_cave_pods, uniq_prince_ribbit1
D:8:      layout_loops_ring, dpeg_oklobed_lair, serial_shops,
          nicolae_shop_crystal, uniq_jeremiah
D:9:      layout_roguey, lemuel_doored_altar, serial_shops, shop,
          minmay_misc_feat_plants, grunt_ministairs_8, kennysheep_another_room,
          minmay_misc_feat_chi
D:10:     layout_irregular_city, overflow_temple_1_default,
          jmf_multi_god_temple2, serial_rivers, chequers_serial_rivers_marsh,
          chequers_serial_rivers_micro_d, chequers_serial_rivers_micro_c,
          chequers_serial_rivers_micro_c, chequers_serial_rivers_room_a,
          chequers_serial_rivers_small_3
D:11:     layout_stronghold, minmay_orc_entry_temple_small,
          ebering_ghost_disaster_area
D:12:     layout_grid_maze, enter_trove_1, xom_confusion_cloud, uniq_rupert,
          uniq_snorg
Temple:   bh_familiar_temple

Skill      XL: |  1  2  3  4  5  6  7  8  9 10 |
---------------+-------------------------------+-----
Axes           | 3 4 5 6 8 10 12 | 12.5
Armour         | 4 5 6 8 9 |  9.5
Fighting       | 4 5 6 8 9 |  9.5
Dodging        | 1 2 3 4 6 7 |  7.6
Shields        | 4 5 6 7 9 |  9.6

Action                     |  1- 3 |  4- 6 |  7- 9 | 10-12 || total
---------------------------+-------+-------+-------+-------++-------
  Melee: War axe           |    43 |    32 |       |       ||    75
         Headbutt          |     3 |    19 |    50 |    51 ||   123
         Hand axe          |       |    76 |   296 |   218 ||   590
  Evoke: Wand              |       |       |       |     2 ||     2
    Use: Scroll            |     6 |     7 |     6 |     4 ||    23
   Stab: Paralysed         |       |       |       |     3 ||     3
 Armour: Scale mail        |    26 |    63 |   144 |       ||   233
         Chain mail        |       |       |     7 |   114 ||   121
  Dodge: Dodged            |    27 |    56 |    94 |    88 ||   265
  Block: Buckler           |    10 |    31 |    61 |    47 ||   149

Table legend: (Time is in decaauts)
 A = Elapsed time spent in this place.
 B = Non-inter-level travel time spent in this place.
 C = Inter-level travel time spent in this place.
 D = Time resting spent in this place.
 E = Time spent auto-exploring this place.
 F = Levels seen in this place.
 G = Mean time per level.
                   A        B        C        D        E       F      G
               +--------+--------+--------+--------+--------+-----+--------+
         Total |   8990 |   8206 |    784 |    452 |   6288 |  13 |  691.5 |
       Dungeon |   8988 |   8204 |    784 |    452 |   6288 |  12 |  749.0 |
        Temple |      1 |      1 |      0 |      0 |      0 |   1 |    1.0 |
               +--------+--------+--------+--------+--------+-----+--------+

Top non-repeatable levels by time:
     D:7: 1010 daAuts
     D:4: 1001 daAuts
     D:5: 917 daAuts
    D:11: 898 daAuts
     D:2: 897 daAuts
     D:8: 841 daAuts
    D:10: 828 daAuts
     D:6: 715 daAuts
     D:9: 714 daAuts
     D:1: 574 daAuts
     D:3: 492 daAuts
    D:12: 96 daAuts
  Temple: 1 daAuts
